 Dungeon Crawl Stone Soup version 0.30-a0-799-g109b55a442 (webtiles) character file.

Game seed: 10079045730019936807

20418 Iich the Severer (level 12, -4/113 HPs)
             Began as a Hill Orc Fighter on Feb 20, 2023.
             Was an Initiate of Gozag.
             Slain by a 12-headed hydra (13 damage)
             ... on level 1 of the Lair of Beasts on Feb 21, 2023.
             The game lasted 00:24:55 (14257 turns).

Iich the Severer (Hill Orc Fighter)                Turns: 14257, Time: 00:24:55

Health: -4/113     AC: 16    Str: 20    XL:     12   Next: 79%
Magic:  12/12      EV:  8    Int:  8    God:    Gozag
Gold:   1203       SH: 18    Dex: 20    Spells: 11/11 levels left

rFire   . . .      SeeInvis .    N - +7 broad axe
rCold   + + .      Faith    .    S - +0 kite shield {rC+}
rNeg    . . .      Spirit   .    O - +3 scale mail {rC+}
rPois   .          Reflect  +    m - +0 helmet
rElec   .          Harm     .    T - +0 cloak {Will+}
rCorr   .          Rampage  .    J - +1 pair of gloves
Will    +....                    (no boots)
Stlth   x                          - amulet of reflection
HPRegen 0.38/turn                P - +6 ring of dexterity
MPRegen 0.13/turn                (no ring)

@: no status effects
A: no striking features
a: Renounce Religion, Potion Petition, Call Merchant, Bribe Branch


You were on level 1 of the Lair of Beasts.
You worshipped Gozag.
Gozag was most pleased with you.
You visited 3 branches of the dungeon, and saw 13 of its levels.
You also visited: Ossuary, Bailey and Ice Cave.

You collected 3644 gold pieces.
You paid 2441 gold pieces to Gozag.

Inventory:

Hand Weapons
 N - a +7 broad axe (weapon)
Armour
 m - a +0 helmet (worn)
 C - a +0 plate armour
 J - a +1 pair of gloves (worn)
 O - a +3 scale mail of cold resistance (worn)
 S - a +0 kite shield of cold resistance (worn)
 T - a +0 cloak of willpower (worn)
Jewellery
 x - an amulet of reflection (around neck)
 E - an amulet of the acrobat
 P - a +6 ring of dexterity (left hand)
Wands
 b - a wand of mindburst (16)
 f - a wand of acid (2)
 r - a wand of flame (34)
 y - a wand of polymorph (16)
 A - a wand of paralysis (4)
 B - a wand of iceblast (4)
Scrolls
 a - 2 scrolls of magic mapping
 h - 3 scrolls of silence
 i - 4 scrolls of teleportation
 j - 2 scrolls of fear
 l - 3 scrolls of amnesia
 n - a scroll of torment
 q - a scroll of vulnerability
 s - a scroll of noise
 t - 3 scrolls of fog
 w - a scroll of immolation
 D - 4 scrolls of summoning
 G - 2 scrolls of blinking
 Q - a scroll of poison
Potions
 d - 8 potions of might
 e - 3 potions of flight
 g - a potion of curing
 k - 3 potions of invisibility
 o - a potion of attraction
 u - a potion of lignification
 v - 2 potions of mutation
 H - 3 potions of haste
 K - a potion of ambrosia
 L - 4 potions of heal wounds
 M - a potion of cancellation
 R - a potion of magic
Miscellaneous
 I - a lightning rod (inert)


   Skills:
 + Level 12.3 Fighting
 * Level 17.8 Axes
 + Level 9.0 Armour
 + Level 11.0 Shields


You had 11 spell levels left.
You didn't know any spells.
Your spell library contained the following spells:

 Spells                   Type           Power      Damage    Failure   Level
 Apportation              Tloc           0%         N/A       92%         1
 Necrotise                Necr           0%         1d4       92%         1
 Shock                    Conj/Air       0%         1d3       92%         1
 Sting                    Tmut/Pois      0%         1d3       92%         1
 Summon Small Mammal      Summ           0%         N/A       92%         1
 Blink                    Tloc           0%         N/A       98%         2
 Lesser Beckoning         Tloc           0%         N/A       98%         2
 Momentum Strike          Conj/Tloc      0%         3d8       98%         2
 Poisonous Vapours        Pois/Air       0%         N/A       98%         2
 Scorch                   Fire           0%         2d5       98%         2
 Static Discharge         Conj/Air       0%         2-2/arc   98%         2
 Call Canine Familiar     Summ           0%         N/A       100%        3
 Gell's Gravitas          Tloc           0%         N/A       100%        3
 Ignite Poison            Fire/Tmut/Pois 0%         N/A       100%        3
 Kindle Blastsparks       Fire/Tloc/Air  0%         2d10      100%        3
 Portal Projectile        Hex/Tloc       0%         N/A       100%        3
 Swiftness                Air            0%         N/A       100%        3
 Teleport Other           Tloc           0%         N/A       100%        3
 Vhi's Electric Charge    Tloc/Air       0%         N/A       100%        3
 Airstrike                Air            0%         2d(0-16)  100%        4
 Flame Wave               Conj/Fire      0%         2d4       100%        4
 Leda's Liquefaction      Hex/Erth       0%         N/A       100%        4
 Olgreb's Toxic Radiance  Pois           0%         N/A       100%        4
 Arcjolt                  Conj/Air       0%         1d10      100%        5
 Freezing Cloud           Conj/Ice/Air   0%         6-21      100%        5
 Lightning Bolt           Conj/Air       0%         1d11      100%        5
 Summon Cactus Giant      Summ           0%         N/A       100%        6
 Ozocubu's Refrigeration  Ice            0%         4d7       100%        7
 Ignition                 Fire           0%         3d3       100%        8


Dungeon Overview and Level Annotations

Branches:
Dungeon (11/15)            Temple (1/1) D:6            Lair (1/5) D:9
Ossuary (visited)          Bailey (visited)           IceCv (visited)
    Orc: D:9-12

Altars:
Cheibriados
Elyvilon
Fedhas
Gozag
Kikubaaqudgha
Makhleb
Nemelex Xobeh
Okawaru
Qazlal
Trog
Vehumet
Wu Jian
Xom
Yredelemnul
Zin
The Shining One
Jiyva

Shops:
D:5 :

Portals:
Trove: D:11 (give horn of Geryon)


Message History

The 11-headed hydra barely misses you. The 11-headed hydra bites you.
You block the 11-headed hydra's attack.
The 11-headed hydra bites you but does no damage.
The 11-headed hydra bites you! You block the 11-headed hydra's attack.
The 11-headed hydra closely misses you.
You chop one of the 11-headed hydra's heads off!
The ten-headed hydra grows two more!
You slash the 12-headed hydra!
The 12-headed hydra is moderately wounded.
The 12-headed hydra bites you!
* * * LOW HITPOINT WARNING * * *
The 12-headed hydra bites you!
* * * LOW HITPOINT WARNING * * *
You block the 12-headed hydra's attack.
The 12-headed hydra bites you but does no damage.
The 12-headed hydra bites you.
* * * LOW HITPOINT WARNING * * *
The 12-headed hydra bites you but does no damage.
The 12-headed hydra closely misses you. You block the 12-headed hydra's attack.
The 12-headed hydra bites you but does no damage. x2
The 12-headed hydra bites you.
* * * LOW HITPOINT WARNING * * *
The 12-headed hydra barely misses you.
You barely miss the 12-headed hydra.
The 12-headed hydra is moderately wounded.
You block the 12-headed hydra's attack. x2
The 12-headed hydra bites you but does no damage.
You block the 12-headed hydra's attack.
The 12-headed hydra bites you but does no damage.
The 12-headed hydra bites you.
* * * LOW HITPOINT WARNING * * *
The 12-headed hydra bites you but does no damage.
The 12-headed hydra bites you.
* * * LOW HITPOINT WARNING * * *
The 12-headed hydra bites you.
* * * LOW HITPOINT WARNING * * *
The 12-headed hydra bites you!
* * * LOW HITPOINT WARNING * * *
The 12-headed hydra barely misses you. The 12-headed hydra bites you!
You die...
Your body crumbles into a pile of gold.

...$.. ..
##.....
..##.>...##
..........#
..........
.........#
#......D.#
.......@.###
.>.........##
............#
.........##.#
$ ........##
.. .........
.. .........
# ..$.......
...}......


You could see a 12-headed hydra.

Vanquished Creatures
  An orc warlord (Bailey)
  Erolcha (D:9)
  A centaur warrior (D:11)
  2 boulder beetles (D:11)
  4 two-headed ogres
  Amaemon (D:10)
  An ugly thing (IceCv)
  A manticore (D:11)
  2 ice statues (IceCv)
  3 kobold demonologists
  An ice devil (D:10)
  A komodo dragon (D:10)
  2 trolls (D:11)
  A hornet (D:9)
  A slime creature (D:10)
  Sigmund (D:6)
  3 shadows
  A wyvern (D:7)
  A basilisk (D:11)
  24 yaks
  2 fire bats (D:4)
  3 wraiths (D:11)
  A steam dragon (D:7)
  4 vampire mosquitoes (D:11)
  Duvessa (D:4)
  3 water moccasins
  A sky beast (D:8)
  9 orc warriors
  4 ice beasts
  2 ogres
  A centaur (D:7)
  2 kobold brigands
  2 phantoms
  2 elf zombies (Ossuary)
  A bullfrog (D:9)
  2 gnoll sergeants
  2 cane toad simulacra (IceCv)
  A necrophage (D:7)
  2 two-headed ogre simulacra (D:11)
  3 wights (D:5)
  Dowan (D:4)
  4 howler monkeys
  A centaur zombie (Ossuary)
  2 human zombies (Ossuary)
  5 jellies
  7 orc priests
  An iguana (D:3)
  Ijyb (D:4)
  Terence (D:2)
  13 orc wizards
  Natasha (thrice) (D:2)
  A polar bear simulacrum (IceCv)
  A spriggan simulacrum (D:11)
  A troll simulacrum (D:11)
  A hound zombie (Ossuary)
  Robin (D:4)
  3 mummies (Ossuary)
  8 gnolls
  6 adders
  A shadow imp (D:6)
  A white imp (D:7)
  An adder zombie (Ossuary)
  A worm (D:4)
  7 dart slugs
  23 orcs
  5 ball pythons (D:1)
  6 bats
  4 endoplasms
  5 giant cockroaches
  2 gnoll zombies (Ossuary)
  23 goblins
  12 hobgoblins
  6 quokkas
  A frilled lizard (D:1)
  6 goblin zombies (Ossuary)
  2 hobgoblin zombies (Ossuary)
  3 jackal zombies (Ossuary)
  21 kobolds
  2 kobold zombies (Ossuary)
  2 orc zombies (Ossuary)
  8 quokka zombies
  8 rats
  5 rat zombies
317 creatures vanquished.

Vanquished Creatures (collateral kills)
  2 wyverns (D:8)
  An orc warrior (D:8)
  A howler monkey (D:8)
  An orc priest (D:8)
  2 orcs (D:8)
7 creatures vanquished.

Vanquished Creatures (others)
  An ugly thing (IceCv)
  An orc wizard (D:7)
  2 fungi (D:9)
  3 plants (D:9)
7 creatures vanquished.

Grand Total: 331 creatures vanquished

Notes
Turn   | Place    | Note
-------+----------+-------------------------------------------
     0 | D:1      | Iich the Hill Orc Fighter began the quest for the Orb.
     0 | D:1      | Reached XP level 1. HP: 19/19 MP: 1/1
    31 | D:1      | Reached skill level 3 in Axes
    34 | D:1      | Reached XP level 2. HP: 27/27 MP: 2/2
   193 | D:1      | Reached skill level 4 in Axes
   197 | D:1      | Reached XP level 3. HP: 31/33 MP: 3/3
   946 | D:2      | Noticed Natasha
   958 | D:2      | Killed Natasha
   959 | D:2      | Reached skill level 5 in Axes
   959 | D:2      | Reached XP level 4. HP: 16/41 MP: 4/4
  1270 | D:2      | Noticed Natasha
  1276 | D:2      | Killed Natasha
  1378 | D:2      | Reached XP level 5. HP: 47/47 MP: 5/5
  1428 | D:2      | Noticed Terence
  1432 | D:2      | Killed Terence
  1695 | D:2      | Noticed Natasha
  1702 | D:2      | Killed Natasha
  1703 | D:2      | Reached skill level 5 in Fighting
  1703 | D:2      | Reached skill level 6 in Axes
  1991 | D:3      | Found a bloodstained altar of Trog.
  1996 | D:3      | Reached XP level 6. HP: 56/56 MP: 6/6
  2237 | D:3      | Found a sparkling altar of Nemelex Xobeh.
  2500 | D:4      | Noticed Ijyb
  2531 | D:4      | Killed Ijyb
  2705 | D:4      | Noticed Dowan
  2707 | D:4      | Noticed Duvessa
  2723 | D:4      | Killed Duvessa
  2724 | D:4      | Reached skill level 7 in Axes
  2725 | D:4      | Killed Dowan
  2912 | D:4      | Found a transporter.
  2957 | D:4      | Found a basalt altar of Yredelemnul.
  2963 | D:4      | Noticed Robin
  2967 | D:4      | Reached XP level 7. HP: 62/62 MP: 7/7
  2971 | D:4      | Killed Robin
  3008 | D:4      | Found a transporter.
  3092 | D:4      | Noticed a fire bat
  3093 | D:4      | Noticed a fire bat
  3142 | D:4      | Killed a fire bat
  3143 | D:4      | Reached skill level 8 in Axes
  3144 | D:4      | Killed a fire bat
  3145 | D:4      | Reached skill level 5 in Shields
  3759 | D:4      | Found a snail-covered altar of Cheibriados.
  3828 | D:5      | Entered Level 5 of the Dungeon
  3837 | D:5      | Reached XP level 8. HP: 70/71 MP: 8/8
  3852 | D:5      | Reached skill level 9 in Axes
  4103 | D:5      | Found a sand-covered staircase.
  4134 | Ossuary  | Entered an ossuary
  4347 | Ossuary  | Reached skill level 10 in Axes
  4575 | D:5      | Found Taoxynob's Vocational Training.
  4884 | D:5      | Found a white marble altar of Elyvilon.
  4884 | D:5      | Found a glowing golden altar of the Shining One.
  5386 | D:6      | Reached XP level 9. HP: 80/80 MP: 9/9
  5486 | D:6      | Noticed Sigmund
  5495 | D:6      | Killed Sigmund
  5496 | D:6      | Reached skill level 11 in Axes
  5562 | D:6      | Found a staircase to the Ecumenical Temple.
  5648 | Temple   | Entered the Ecumenical Temple
  5668 | Temple   | Became a worshipper of Gozag Ym Sagoz the Greedy
  5877 | D:6      | Found an ornate altar of the Wu Jian Council.
  6711 | D:7      | Reached skill level 12 in Axes
  7822 | D:8      | Reached XP level 10. HP: 53/91 MP: 10/10
  7832 | D:8      | Reached skill level 13 in Axes
  8608 | D:8      | Found a stormy altar of Qazlal.
  8728 | D:9      | Noticed Erolcha
  8732 | D:9      | Found a staircase to the Lair.
  8756 | D:9      | Found a flagged portal.
  8766 | Bailey   | Entered a bailey
  8881 | Bailey   | Noticed an orc warlord
  9010 | Bailey   | Reached skill level 5 in Armour
  9263 | Bailey   | Found a runed translucent gate.
  9265 | Bailey   | Found a runed translucent gate.
  9267 | Bailey   | Found a runed translucent gate.
  9415 | Bailey   | Killed an orc warlord
  9416 | Bailey   | Reached skill level 14 in Axes
  9589 | Bailey   | Acquired 854 gold pieces
  9765 | D:9      | Killed Erolcha
  9766 | D:9      | Reached skill level 10 in Fighting
 10189 | D:9      | Noticed a kobold demonologist
 10193 | D:9      | Noticed a kobold demonologist
 10194 | D:9      | Noticed a smoke demon
 10194 | D:9      | Killed a kobold demonologist
 10199 | D:9      | Killed a kobold demonologist
 10200 | D:9      | Reached XP level 11. HP: 100/100 MP: 11/11
 10774 | D:9      | Reached skill level 15 in Axes
 11074 | D:10     | Entered Level 10 of the Dungeon
 11160 | D:10     | Noticed a two-headed ogre
 11167 | D:10     | Killed a two-headed ogre
 11201 | D:10     | Noticed Amaemon
 11211 | D:10     | Killed Amaemon
 11501 | D:10     | Noticed a two-headed ogre
 11510 | D:10     | Killed a two-headed ogre
 11528 | D:10     | Reached skill level 16 in Axes
 11848 | D:10     | Noticed a two-headed ogre
 11857 | D:10     | Killed a two-headed ogre
 12017 | D:10     | Found a viscous altar of Jiyva.
 12096 | D:10     | Reached skill level 10 in Shields
 12101 | D:10     | Reached XP level 12. HP: 101/110 MP: 12/12
 12457 | D:11     | Found a transporter.
 12457 | D:11     | Noticed a boulder beetle
 12498 | D:11     | Found a frozen archway.
 12523 | IceCv    | Entered an ice cave
 12536 | IceCv    | Found a transporter.
 12569 | IceCv    | Found a transporter.
 12709 | IceCv    | Reached skill level 17 in Axes
 12965 | D:11     | Noticed a centaur warrior
 12968 | D:11     | Noticed a two-headed ogre
 13127 | D:11     | Found a portal to a secret trove of treasure.
 13316 | D:11     | Noticed a boulder beetle
 13333 | D:11     | Killed a boulder beetle
 13757 | D:11     | Found a transporter.
 13884 | D:11     | Killed a two-headed ogre
 13885 | D:11     | Killed a centaur warrior
 13904 | D:11     | Killed a boulder beetle
 14078 | D:11     | Identified the +0 ring mail "Arhizxo" {rPois}
 14209 | Lair:1   | Entered Level 1 of the Lair of Beasts
 14247 | Lair:1   | Noticed a six-headed hydra
 14257 | Lair:1   | Slain by a 12-headed hydra

Illustrated notes

Levels and vault maps discovered:
D:1:      mrwooster_arrival_statue_2, layout_loops_ring, minmay_tripent
D:2:      layout_loops_ring, minmay_goblin_outpost, uniq_natasha, uniq_terence
D:3:      layout_loops_ring, trog_three_pillars_becter,
          mainiacjoe_overflow_small_starburst, palyth_stone_intersect,
          serial_bayou_pond_e
D:4:      gammafunk_cloud_chamber, layout_cave_pools,
          mainiacjoe_overflow_catwalk_spiral, uniq_duvessa, uniq_robin,
          uniq_ijyb
D:5:      layout_basic, gammafunk_temple_overflow_statue, enter_ossuary_4,
          grunt_decor_one_mirror, hangedman_decor_growths,
          nicolae_shop_vocational
D:6:      layout_loops_ring, nicolae_wu_jian_glorious_leap,
          lemuel_temple_firewalk_a, uniq_sigmund
D:7:      layout_basic
D:8:      kennysheep_blocky_hall, layout_rooms, nicolae_qazlal_eye_of_the_storm
D:9:      minmay_goldmine, layout_cave_pods, dpeg_oklobed_lair, enter_bailey_3,
          uniq_erolcha
D:10:     layout_basic, minivault_26, jiyva_altar_1, uniq_amaemon
D:11:     gammafunk_the_bubble [the_bubble_gammafunk_grid],
          layout_irregular_city, portal_ice_cave_entry_ice_simulacra,
          enter_trove_1
Temple:   nicolae_temple_great_sept
Lair:1:   layout_hall_layers, minivault_27, minivault_25, lemuel_fruit_fields

Skill      XL: |  1  2  3  4  5  6  7  8  9 10 11 12 |
---------------+-------------------------------------+-----
Axes           | 3 4 5 6 7 8 10 12 14 16 17 | 17.8
Fighting       | 4 5 6 7 9 10 11 12 | 12.3
Shields        | 4 5 6 7 8 10 11 | 11.0
Armour         | 4 6 7 9 |  9.0

Action                     |  1- 3 |  4- 6 |  7- 9 | 10-12 || total
---------------------------+-------+-------+-------+-------++-------
  Melee: War axe           |    94 |   125 |   371 |   126 ||   716
         Unarmed           |       |    21 |       |       ||    21
         Broad axe         |       |       |       |   311 ||   311
  Throw: Dart              |     5 |       |       |       ||     5
 Invoke: Potion Petition   |       |       |       |     6 ||     6
  Evoke: Wand              |       |     1 |     2 |    28 ||    31
         Lightning rod     |       |       |       |     4 ||     4
    Use: Scroll            |     3 |     5 |    11 |    11 ||    30
         Potion            |       |       |     6 |     6 ||    12
   Stab: Invisible         |       |       |     5 |     3 ||     8
         Distracted        |       |       |       |     2 ||     2
         Paralysed         |       |       |       |     5 ||     5
 Armour: Scale mail        |    51 |    65 |    76 |   116 ||   308
         Chain mail        |       |       |    29 |    18 ||    47
         Skin              |       |       |       |    17 ||    17
  Dodge: Dodged            |    62 |    62 |    52 |    87 ||   263
  Block: Buckler           |    11 |     7 |       |       ||    18
         Kite shield       |       |    52 |   252 |   336 ||   640
         Reflection        |       |       |     5 |    10 ||    15

Table legend: (Time is in decaauts)
 A = Elapsed time spent in this place.
 B = Non-inter-level travel time spent in this place.
 C = Inter-level travel time spent in this place.
 D = Time resting spent in this place.
 E = Time spent auto-exploring this place.
 F = Levels seen in this place.
 G = Mean time per level.
                   A        B        C        D        E       F      G
               +--------+--------+--------+--------+--------+-----+--------+
         Total |  14338 |  13881 |    457 |   1314 |   9489 |  16 |  896.1 |
       Dungeon |  12584 |  12136 |    448 |   1057 |   8559 |  11 | 1144.0 |
        Temple |     30 |     22 |      8 |      0 |     15 |   1 |   30.0 |
          Lair |     46 |     46 |      0 |      0 |     17 |   1 |   46.0 |
       Ossuary |    396 |    396 |      0 |      0 |    203 |   1 |  396.0 |
        Bailey |    863 |    863 |      0 |    124 |    538 |   1 |  863.0 |
      Ice Cave |    416 |    416 |      0 |    133 |    157 |   1 |  416.0 |
               +--------+--------+--------+--------+--------+-----+--------+

Top non-repeatable levels by time:
     D:9: 1521 daAuts
    D:11: 1496 daAuts
     D:8: 1415 daAuts
     D:4: 1342 daAuts
     D:6: 1173 daAuts
    D:10: 1170 daAuts
     D:2: 1158 daAuts
     D:7: 1026 daAuts
     D:5: 877 daAuts
  Bailey: 863 daAuts
     D:3: 734 daAuts
     D:1: 669 daAuts
   IceCv: 416 daAuts
 Ossuary: 396 daAuts
  Lair:1: 46 daAuts
